Map: Blood Boil LE

Players

CaiShen - Winner!

  • Race: Zerg Zerg
  • League: Diamond
  • Spawn Location: 5:00

Aryster

  • Race: Terran Terran
  • League: Diamond
  • Spawn Location: 11:00

VOD

Have the link to the VOD?

Description

Time

  • Played on: May 6, 2017, 2:11 p.m.
  • Length: 4:04
Show
View Real Time Build Order
Export as new Build Order

CaiShen Zerg - Winner!

Build Orders: Pool Only, Ravager All-In 

Get SALT Encoding   

  12  0:00  Unknown  
  12  0:01  Drone  
  13  0:08  Drone  
  14  0:26  Spawning Pool  
  13  0:29  Drone  
  13  0:33  Extractor  
  13  0:36  Drone  
  14  0:45  Overlord  
  14  0:50  Extractor  
  14  0:51  Drone  
  15  1:04  Drone x2  
  16  1:14  Roach Warren  
  15  1:19  Zergling x2  
  16  1:32  Overlord  
  16  1:55  Roach x2  
  16  1:56  Roach  
  22  2:06  Roach  
  24  2:15  Ravager x2  
  26  2:17  Ravager  
  26  2:22  Roach  
  29  2:33  Drone  
  29  2:38  Overlord  
  29  2:59  Roach  
  31  3:12  Roach x2  
  34  3:20  Queen  
  36  3:31  Roach  
  38  3:35  Overlord  
  38  3:58  Ravager x2  
Show
View Real Time Build Order
Export as new Build Order

Aryster Terran 

Build Orders: Reaper Expand 

Get SALT Encoding   

  12  0:00  Unknown, SCV  
  13  0:12  SCV  
  14  0:18  Supply Depot  
  14  0:25  SCV  
  15  0:39  SCV  
  15  0:42  Barracks  
  16  0:48  Refinery  
  16  0:51  SCV  
  17  1:03  SCV  
  18  1:16  SCV  
  19  1:31  Orbital Command, Reaper  
  20  1:46  Command Center  
  20  1:57  SCV  
  20  1:58  Supply Depot  
  21  2:08  Barracks Reactor  
  21  2:09  SCV  
  21  2:15  Barracks  
  22  2:21  Refinery, SCV  
  23  2:44  Marine  
  23  2:45  Marine  
  23  2:50  SCV  
  26  2:55  Factory  
  26  3:02  SCV  
  26  3:03  Marine, Barracks Tech Lab  
  29  3:09  Marine  
  27  3:22  Marauder  
  27  3:25  Orbital Command  
  27  3:26  Marine  
  29  3:42  Marine  
Tags
 
Add a new tag
Caveats
  • Supply blocks, unpowered buildings, or Contaminate may cause inaccurate times.
  • Supply counts are checked every 10 seconds.